cohdb
Replays
Latest Replays
All Replays
Popular Replays
Top Player Replays
Match Explorer
How It Works
Community
CoH3 Stats
Reddit
Sign in to upload your games and track your stats! →
Sign in with Steam
Match 45493378
Unlisted
Match 45493378
Overview
Messages
Build Orders
End
Construct Section Command Post
Vickers Machine Gun Team
Selects Canadian Shock Battlegroup
Royal Engineer Section
Dingo Light Scout Car
Vickers Machine Gun Team
Selects Attacking Spirit
Selects Canadian Shock Section
Canadian Shock Section
Construct Platoon Command Post
CMP 15cwt Truck
Selects Burnout
Canadian Shock Section
6-pounder Anti-tank Gun Team
Selects Pyrotechnics
Infantry Training
Burnout
6-pounder Anti-tank Gun Team
Selects Churchill Crocodile Heavy Tank
Churchill Crocodile Heavy Tank
Armored Vehicle Training
Team Weapon Training
Royal Engineer Section
Selects Smoke Operation
Smoke Operation
Royal Engineer Section
Burnout
CMP 15cwt Truck
Canadian Shock Section
the honey monster
Cpt Darling
jwalker987
Raise your left hand
High Voltage
【嗜血狼族】灵狐魅儿
dj pauly d gtl
Mithers
0
0
Comments
sign in to comment!
No comments posted yet!